 Dungeon Crawl Stone Soup version 0.28-a0-816-gb054d885db (webtiles) character file.

Game seed: 2759108339755824217

50369 vurker the Thaumaturge (level 14, -14/67 HPs)
             Began as a Felid Air Elementalist on Nov 8, 2021.
             Was a High Priest of Vehumet.
             Shot with a bolt by a yaktaur (30 damage)
             ... on level 14 of the Dungeon.
             The game lasted 01:04:14 (40865 turns).

vurker the Thaumaturge (Felid Air Elementalist)    Turns: 40865, Time: 01:04:15

Health: -14/67     AC:  3    Str:  4    XL:     14   Next: 19%
Magic:  33/33      EV: 17    Int: 24    God:    Vehumet [*****.]
Gold:   1393       SH:  0    Dex: 17    Spells: 9/42 levels left
                                        Lives:  0   Deaths: 4

rFire   . . .      SeeInvis +   (weapon unavailable)
rCold   + . .      Faith    .   (shield unavailable)
rNeg    . . .      Spirit   .   (armour unavailable)
rPois   +          Reflect  .   (helmet unavailable)
rElec   .          Harm     .   (cloak unavailable)
rCorr   .          Rampage  .   (gloves unavailable)
Will    ++++.                   (boots unavailable)
Stlth   ++........              h - amulet of regeneration
HPRegen 1.21/turn               d - ring of the Mage {Wiz Will++ Int+3}
MPRegen 0.23/turn               m - ring of poison resistance

@: quick
A: very small, claws 1, fangs 3, see invisible, speed 1, shaggy fur 3, stealthy
paws, no weapons or thrown items, no armour, multi-lived
a: Renounce Religion


You were on level 14 of the Dungeon.
You worshipped Vehumet.
Vehumet was extremely pleased with you.
You visited 4 branches of the dungeon, and saw 23 of its levels.
You also visited: Ice Cave.

You collected 1910 gold pieces.
You spent 517 gold pieces at shops.

Inventory:

Jewellery
 d - the ring of the Mage (left paw) {Wiz Will++ Int+3}
   (You bought it in a shop on level 2 of the Orcish Mines)

   [ring of wizardry]

   It improves your spell success rate.
   Int:       It affects your intelligence (+3).
   Will:      It greatly increases your willpower.
 h - an amulet of regeneration (around neck)
   (You found it on level 3 of the Dungeon)
 l - a ring of positive energy
   (You found it on level 5 of the Dungeon)
 m - a ring of poison resistance (right paw)
   (You found it on level 5 of the Dungeon)
Wands
 c - a wand of mindburst (10)
   (You found it on level 12 of the Dungeon)
 p - a wand of charming (8)
   (You found it on level 7 of the Dungeon)
 t - a wand of flame (79)
   (You took it off Ijyb on level 5 of the Dungeon)
 v - a wand of digging (17)
   (You found it on level 4 of the Dungeon)
 y - a wand of polymorph (20)
   (You found it on level 8 of the Dungeon)
Scrolls
 f - 4 scrolls of magic mapping
 g - 2 scrolls of blinking
 j - a scroll of summoning
 k - 2 scrolls of identify
 n - 3 scrolls of amnesia
 o - 3 scrolls of teleportation
 q - 2 scrolls of silence
 u - 4 scrolls of fog
 B - 3 scrolls of fear
Potions
 a - 4 potions of haste
 b - 8 potions of curing
 e - 8 potions of heal wounds
 i - 2 potions of magic
 r - 2 potions of brilliance
 s - 2 potions of flight
 A - 3 potions of invisibility
 E - a potion of attraction
 F - a potion of resistance


   Skills:
 + Level 11.2 Fighting
 - Level 2.6 Dodging
 - Level 2.6 Stealth
 * Level 14.5 Spellcasting
 - Level 3.0 Conjurations
 - Level 4.0 Fire Magic
 * Level 11.3 Ice Magic
 * Level 14.4 Air Magic
 - Level 3.0 Poison Magic


You had 9 spell levels left.
You knew the following spells:

 Your Spells              Type           Power      Damage    Failure   Level
a - Ozocubu's Refrigerat  Ice            32%        4d11      3%          7
b - Shock                 Conj/Air       100%       1d9       1%          1
c - Airstrike             Air            36%        N/A       1%          4
f - Maxwell's Capacitive  Air            36%        ∞         7%          8
q - Olgreb's Toxic Radia  Pois           31%        N/A       1%          4
z - Polar Vortex          Ice            32%        N/A       92%         9

Your spell library contained the following spells:

 Spells                   Type           Power      Damage    Failure   Level
 Iskenderun's Battlesphe  Conj           31%        2d8       3%          5
 Animate Skeleton         Necr           34%        N/A       1%          1
 Apportation              Tloc           34%        N/A       1%          1
 Freeze                   Ice            100%       1d11      1%          1
 Magic Dart               Conj           100%       1d8       1%          1
 Sandblast                Erth           34%        2d9       1%          1
 Sting                    Tmut/Pois      96%        1d7       1%          1
 Summon Small Mammal      Summ           68%        N/A       1%          1
 Passwall                 Tmut/Erth      14%        N/A       1%          2
 Poisonous Vapours        Pois/Air       100%       N/A       1%          2
 Searing Ray              Conj           62%        2d6       1%          2
 Static Discharge         Conj/Air       56%        N/A       1%          2
 Frozen Ramparts          Ice            100%       1d12      1%          3
 Stone Arrow              Conj/Erth      48%        3d10      1%          3
 Swiftness                Air            72%        N/A       1%          3
 Hailstorm                Conj/Ice       51%        3d11      1%          4
 Ice Form                 Ice/Tmut       44%        N/A       1%          4
 Summon Ice Beast         Ice/Summ       44%        N/A       1%          4
 Summon Lightning Spire   Summ/Air       51%        N/A       1%          4
 Freezing Cloud           Conj/Ice/Air   29%        6-21      1%          5
 Fulminant Prism          Conj/Hex       12%        3d9       2%          4
 Fireball                 Conj/Fire      17%        3d9       2%          5
 Call Canine Familiar     Summ           17%        N/A       4%          3
 Summon Guardian Golem    Hex/Summ       17%        N/A       4%          3
 Irradiate                Conj/Tmut      12%        3d17      6%          5
 Cause Fear               Hex            8%         N/A       13%         4
 Starburst                Conj/Fire      17%        6d6       13%         6
 Alistair's Intoxication  Tmut/Pois      16%        N/A       21%         5
 Simulacrum               Ice/Necr       22%        N/A       21%         6
 Eringya's Noxious Bog    Tmut/Pois      12%        N/A       26%         6
 Blade Hands              Tmut           8%         N/A       34%         5
 Summon Forest            Summ/Tloc      8%         N/A       34%         5
 Storm Form               Tmut/Air       25%        N/A       47%         7
 Orb of Destruction       Conj           15%        9d7       56%         7
 Spellforged Servitor     Conj/Summ      12%        N/A       75%         7
 Invisibility             Hex            8%         N/A       87%         6
 Ignition                 Fire           18%        3d7       95%         8
 Dragon Form              Tmut           8%         N/A       100%        7
 Summon Hydra             Summ           8%         N/A       100%        7
 Dragon's Call            Summ           8%         N/A       100%        9


Dungeon Overview and Level Annotations

Branches:
Dungeon (14/15)            Temple (1/1) D:5            Lair (6/6) D:8
  Swamp (0/4) Lair:4       Spider (0/4) Lair:2        Slime (0/5) Lair:5
    Orc (2/2) D:10            Elf (0/3) Orc:2        Vaults (0/5) D:14
  IceCv (visited)

Altars:
Ashenzari
Cheibriados
Dithmenos
Fedhas
Gozag
Hepliaklqana
Makhleb
Nemelex Xobeh
Okawaru
Ru
Sif Muna
Trog
Uskayaw
Vehumet
Xom
The Shining One
Beogh
Lugonu

Shops:
D:14 !   Orc:1 :   Orc:2 ==!(

Portals:
Abyss: Lair:6

Annotations:
D:13 2 transporters
Lair:5 2 runed translucent doors, Megustar's ghost, journeyman DEFE
Lair:6 2 transporters, VictorG's ghost, adept TrHu


Innate Abilities, Weirdness & Mutations

You have sharp claws.
You have razor-sharp teeth.
You have supernaturally acute eyesight. (SInv)
You cover ground quickly. (Speed+)
Your thick and shaggy fur keeps you warm. (AC +3, rC+)
Your paws help you pounce on unaware monsters.
You are incapable of wielding weapons or throwing items.
You cannot wear armour.
You gain extra lives every three experience levels.


Message History

The air twists around and strikes the yaktaur!
A yaktaur comes into view.
The yaktaur shoots a bolt.
The bolt barely misses you.
Aim: a yaktaur, wielding a +0 arbalest and quivering bolts (almost dead, empty space bonus: 7/8)
The air twists around and strikes the yaktaur!
You kill the yaktaur!
Vehumet accepts your kill.
The yaktaur shouts!
The yaktaur wields a +0 arbalest.
The yaktaur shoots a bolt.
The bolt closely misses you.
A yaktaur comes into view.
There is a stone staircase leading up, spattered with blood here.
You climb upwards.
Level annotation: 2 transporters
There is a stone staircase leading down here.
You start resting.
You start resting.
You climb downwards.
The yaktaur wields a +0 arbalest.
The yaktaur shoots a bolt.
The bolt hits you!
The yaktaur shoots a bolt.
The bolt hits you!!
* * * LOW HITPOINT WARNING * * *
The yaktaur shoots a bolt.
The bolt barely misses you.
The yaktaur shoots a bolt.
The bolt barely misses you.
There is a stone staircase leading up, spattered with blood here.
Unknown command.
The yaktaur shoots a bolt.
The bolt misses you.
You climb upwards.
Level annotation: 2 transporters
There is a stone staircase leading down here.
You start resting.
You climb downwards.
The yaktaur shoots a bolt.
The bolt hits you!!
There is a stone staircase leading up, spattered with blood here.
Unknown command.
Unknown command.
The yaktaur shoots a bolt.
The bolt completely misses you.
You hear a shout!
You climb upwards.
Level annotation: 2 transporters
There is a stone staircase leading down here.
You start resting.
You climb downwards.
The yaktaur shoots a bolt.
The bolt closely misses you.
A yaktaur comes into view.
The yaktaur shoots a bolt.
The bolt hits you!!
The yaktaur shoots a bolt.
The bolt hits you!!
* * * LOW HITPOINT WARNING * * *
There is a stone staircase leading up, spattered with blood here.
Unknown command.
The yaktaur shoots a bolt.
The bolt barely misses you.
The yaktaur shoots a bolt.
The bolt hits you!!
You die...

,...................#...........#
,,.(...###########J.#########+###
**#....# #...............
.,#....# #...............
..#....# #...............
..'....# #...............
,,#..p.###########...............
,,##........c....................
,,,#...c..c..c..@[...(...........
,,,#...c..########[.....#####....
,,,#..)...#......'......#...#....
,,,#......#......#...####...#....
,,,#......#).....#####......#....
,,,#......#.................#....
,,,#......#.................#....
,,,#......#.................#....
,,,*,,,,,,#.................#....


You could see 3 yaktaurs.

Vanquished Creatures
  Rupert (D:14)
  Gastronok (D:12)
  An orc warlord (Orc:2)
  6 hydras
  2 ettins
  2 boulder beetles
  2 centaur warriors
  4 ogre magi
  Erica (D:11)
  A satyr (Lair:6)
  22 two-headed ogres
  Urug (D:14)
  6 death yaks (Lair:6)
  2 thrashing horrors (Lair:6)
  A tengu warrior (D:14)
  4 bog bodies (Lair:4)
  2 orc knights
  A deep elf pyromancer (D:12)
  Pikel (D:8)
  A lindwurm (Lair:5)
  3 ugly things
  3 orc sorcerers
  6 cyclopes
  A manticore (D:14)
  3 black mambas
  Maurice (D:9)
  Joseph (D:8)
  An eye of devastation (Lair:5)
  3 gargoyles
  9 cane toads
  2 yaktaurs (D:14)
  An efreet (D:13)
  A rime drake (Lair:3)
  4 smoke demons (Lair:6)
  A freezing wraith (D:9)
  4 komodo dragons
  4 ancient zymes (Lair:6)
  A tengu conjurer (D:14)
  3 trolls
  5 jumping spiders
  2 polar bears
  20 blink frogs
  A meliai zombie (D:11)
  Prince Ribbit (D:5)
  Grinder (D:5)
  12 slime creatures
  3 ynoxinuls (Lair:6)
  Sigmund (D:6)
  2 large abominations (Lair:6)
  2 wraiths
  3 redbacks
  33 yaks
  3 wyverns
  2 shadows
  A spriggan (Lair:6)
  12 basilisks
  13 humans
  A chaos spawn (Lair:6)
  A steam dragon (D:8)
  14 small abominations
  A death yak simulacrum (IceCv)
  A swamp worm (Lair:4)
  4 wargs
  17 water moccasins
  6 vampire mosquitoes (D:11)
  3 acid dragons
  Duvessa (D:6)
  A floating eye (Lair:5)
  An ice beast (D:4)
  29 orc warriors
  A swamp drake (D:10)
  3 black bears
  A necrophage (D:8)
  31 ogres
  12 wolves
  12 centaurs
  A phantom (D:6)
  A kobold brigand (D:8)
  8 bullfrogs
  A wyvern zombie (D:8)
  A gnoll sergeant (D:8)
  2 scorpions
  Dowan (D:6)
  3 howler monkeys (D:10)
  An electric eel (Lair:4)
  4 centaur zombies
  2 hounds
  2 centaur skeletons
  14 orc priests
  Jessica (D:3)
  3 bullfrog skeletons
  3 iguanas
  Ijyb (D:5)
  Natasha (thrice) (D:4)
  27 orc wizards
  6 hell rats
  A killer bee zombie (D:8)
  Robin (D:2)
  8 gnolls
  15 adders
  2 howler monkey skeletons
  6 river rats (Lair:2)
  A shadow imp (D:7)
  A white imp (D:8)
  An adder skeleton (D:4)
  6 worms
  3 dart slugs
  100 orcs
  7 ball pythons
  5 bats
  8 endoplasms
  16 giant cockroaches
  20 goblins
  16 hobgoblins
  2 jackals (D:1)
  5 quokkas
  2 frilled lizards
  16 kobolds
  8 rats
706 creatures vanquished.

Vanquished Creatures (others)
  41 fungi
  70 plants
111 creatures vanquished.

Grand Total: 817 creatures vanquished

Notes
Turn   | Place    | Note
-------+----------+-------------------------------------------
     0 | D:1      | vurker the Felid Air Elementalist began the quest for the
                  | Orb.
     0 | D:1      | Reached XP level 1. HP: 7/7 MP: 4/4
   114 | D:1      | Reached skill level 1 in Conjurations
   353 | D:1      | Reached XP level 2. HP: 12/12 MP: 3/6
   924 | D:1      | Found a faded altar of an unknown god.
  1092 | D:2      | Reached XP level 3. HP: 9/15 MP: 0/7
  1454 | D:2      | Reached skill level 1 in Fighting
  1642 | D:2      | Reached XP level 4. HP: 19/19 MP: 4/9
  1985 | D:2      | Noticed Robin
  2020 | D:2      | Killed Robin
  3014 | D:3      | Reached XP level 5. HP: 22/22 MP: 7/10
  3405 | D:3      | Noticed Jessica
  3410 | D:3      | Killed Jessica
  4275 | D:4      | Gained mutation: You are covered in thick fur. (AC +2)
                  | [Felid growth]
  4275 | D:4      | Reached XP level 6. HP: 26/26 MP: 9/12
  5105 | D:4      | Learned a level 4 spell: Airstrike
  5532 | D:4      | Noticed Natasha
  5540 | D:4      | Killed Natasha
  5541 | D:4      | Reached XP level 7. HP: 30/30 MP: 7/14
  5650 | D:4      | Noticed Natasha
  5654 | D:4      | Killed Natasha
  5655 | D:4      | Reached skill level 5 in Air Magic
  5791 | D:4      | Noticed Natasha
  5796 | D:4      | Killed Natasha
  6189 | D:5      | Entered Level 5 of the Dungeon
  6226 | D:4      | Reached skill level 5 in Spellcasting
  6367 | D:5      | Found a staircase to the Ecumenical Temple.
  6370 | D:5      | Noticed Prince Ribbit
  6379 | Temple   | Entered the Ecumenical Temple
  6405 | Temple   | Became a worshipper of Vehumet
  6546 | D:5      | Noticed Ijyb
  6548 | D:5      | Noticed Grinder
  6765 | D:5      | Killed Ijyb
  6875 | D:5      | Reached XP level 8. HP: 34/34 MP: 6/17
  7606 | D:6      | Noticed Dowan
  7649 | D:6      | Noticed Duvessa
  7677 | D:6      | Killed Duvessa
  7716 | D:6      | Killed Dowan
  8198 | D:6      | Found a faded altar of an unknown god.
  8199 | D:6      | Found a hazy altar of Hepliaklqana.
  8199 | D:6      | Noticed Sigmund
  8208 | D:6      | Killed Sigmund
  8455 | D:6      | Found a shimmering blue altar of Sif Muna.
  8666 | D:5      | Killed Grinder
  8667 | D:5      | Reached XP level 9. HP: 40/40 MP: 7/20
  8990 | D:5      | Killed Prince Ribbit
  8991 | D:5      | Reached skill level 5 in Fighting
  9615 | D:7      | Reached * piety under Vehumet
  9615 | D:7      | Offered knowledge of Foxfire by Vehumet.
 11063 | D:8      | Learned a level 1 spell: Freeze
 11212 | D:8      | Found a glowing golden altar of the Shining One.
 11212 | D:8      | Found a blossoming altar of Fedhas.
 11219 | D:8      | Found a burning altar of Makhleb.
 11219 | D:8      | Noticed Joseph
 11222 | D:8      | Shot with a sling bullet by Joseph
 11223 | D:8      | Reached XP level 8. HP: -7/38 MP: 14/21
 11246 | D:8      | Killed Joseph
 11247 | D:8      | Reached skill level 1 in Ice Magic
 11247 | D:8      | Reached XP level 9. HP: 41/41 MP: 12/22
 11311 | D:8      | Found an opulent altar of Gozag.
 11345 | D:8      | Noticed Pikel
 11366 | D:8      | Killed Pikel
 11545 | D:8      | Found a staircase to the Lair.
 12362 | D:8      | Offered knowledge of Searing Ray by Vehumet.
 12363 | D:8      | Reached ** piety under Vehumet
 12599 | D:9      | Noticed Maurice
 12603 | D:9      | Killed Maurice
 12604 | D:9      | Reached XP level 10. HP: 46/46 MP: 6/24
 12930 | D:9      | Found a bloodstained altar of Trog.
 12935 | D:9      | Killed from afar by an acid dragon
 12936 | D:9      | Reached XP level 9. HP: -9/42 MP: 12/23
 12951 | D:9      | Noticed a two-headed ogre
 12975 | D:9      | Killed a two-headed ogre
 13303 | D:9      | Noticed a freezing wraith
 13305 | D:9      | Noticed a death knight
 13339 | D:9      | Killed a freezing wraith
 13571 | D:8      | Found an iron altar of Okawaru.
 13571 | D:8      | Found a broken altar of Ashenzari.
 13571 | D:8      | Found a shimmering altar of Xom.
 13830 | D:9      | Noticed a freezing wraith
 13830 | D:9      | Noticed a skeletal warrior
 13860 | D:10     | Entered Level 10 of the Dungeon
 14012 | D:10     | Learned a level 8 spell: Ignition
 14237 | D:10     | Found a shadowy altar of Dithmenos.
 14241 | D:10     | Reached XP level 10. HP: 47/47 MP: 13/24
 14448 | D:10     | Noticed a gargoyle
 14453 | D:10     | Killed a gargoyle
 14454 | D:10     | Reached skill level 1 in Fire Magic
 14723 | D:10     | Found a staircase to the Orcish Mines.
 15212 | D:10     | Noticed a two-headed ogre
 15213 | D:10     | Noticed a gargoyle
 15219 | D:10     | Killed a two-headed ogre
 15332 | D:10     | Learned a level 8 spell: Maxwell's Capacitive Coupling
 15395 | D:10     | Found a hide-covered altar of Uskayaw.
 15635 | D:10     | Found a staircase to the Orcish Mines.
 15694 | D:10     | Noticed a two-headed ogre
 15698 | D:10     | Killed a two-headed ogre
 15698 | D:10     | Offered knowledge of Dazzling Flash by Vehumet.
 15699 | D:10     | Reached skill level 10 in Spellcasting
 15699 | D:10     | Reached skill level 10 in Air Magic
 15772 | D:10     | Found a shadowy altar of Dithmenos.
 16038 | D:10     | Killed a gargoyle
 16186 | D:10     | Found a hide-covered altar of Uskayaw.
 16299 | D:11     | Noticed Erica
 16304 | D:11     | Killed Erica
 16337 | D:11     | Noticed a two-headed ogre
 16348 | D:11     | Killed a two-headed ogre
 16349 | D:11     | Reached XP level 11. HP: 50/50 MP: 6/26
 17072 | D:11     | Identified the +8 great sword "Tisawuf" {venom, Fly rC+}
 17145 | D:11     | Identified a scroll of acquirement
 17145 | D:11     | Acquired a book of Ice
 17391 | Lair:1   | Entered Level 1 of the Lair of Beasts
 18375 | Lair:2   | Learned a level 4 spell: Olgreb's Toxic Radiance
 18458 | Lair:2   | Found a hole to the Spider Nest.
 18497 | Lair:2   | Reached skill level 1 in Poison Magic
 18973 | Lair:2   | Reached *** piety under Vehumet
 19206 | Lair:2   | Reached skill level 5 in Ice Magic
 19660 | Lair:2   | Offered knowledge of Sticky Flame by Vehumet.
 20727 | Lair:3   | Noticed an eight-headed hydra
 21384 | Lair:3   | Killed an eight-headed hydra
 21385 | Lair:3   | Gained mutation: Your thick and shaggy fur keeps you warm.
                  | (AC +3, rC+) [Felid growth]
 21385 | Lair:3   | Reached XP level 12. HP: 56/56 MP: 8/28
 21550 | Lair:4   | Found a frozen archway.
 21774 | IceCv    | Entered an ice cave
 22530 | Lair:4   | Reached **** piety under Vehumet
 22848 | Lair:4   | Offered knowledge of Mephitic Cloud by Vehumet.
 23399 | Lair:4   | Found a staircase to the Swamp.
 24019 | Lair:5   | Found a large runed translucent door.
 24019 | Lair:5   | Found a large runed translucent door.
 24021 | Lair:5   | Noticed Megustar's ghost (journeyman DEFE)
 24154 | Lair:5   | Noticed a four-headed hydra
 24311 | Lair:5   | Noticed a five-headed hydra
 24321 | Lair:5   | Killed a five-headed hydra
 25044 | Lair:5   | Found a staircase to the Slime Pits.
 25143 | Lair:5   | Killed a four-headed hydra
 25836 | Lair:6   | Entered Level 6 of the Lair of Beasts
 25836 | Lair:6   | Noticed an eight-headed hydra
 25840 | Lair:6   | Killed an eight-headed hydra
 25841 | Lair:6   | Reached XP level 13. HP: 60/60 MP: 15/30
 25979 | Lair:6   | Found a transporter.
 26112 | Lair:6   | Reached ***** piety under Vehumet
 26320 | Lair:6   | Offered knowledge of Yara's Violent Unravelling by Vehumet.
 26391 | Lair:6   | Learned a level 9 spell: Polar Vortex
 26711 | Lair:6   | Found a transporter.
 26722 | Lair:6   | Noticed VictorG's ghost (adept TrHu)
 29516 | Lair:6   | Slain by a blink frog
 29517 | Lair:6   | Reached XP level 12. HP: -3/58 MP: 7/29
 29678 | Lair:6   | Reached skill level 10 in Fighting
 30297 | Lair:6   | Reached XP level 13. HP: 56/61 MP: 18/31
 30460 | Lair:6   | Found a corrupted altar of Lugonu.
 30460 | Lair:6   | Found a one-way gate to the infinite horrors of the Abyss.
 30711 | Orc:1    | Entered Level 1 of the Orcish Mines
 31485 | Orc:2    | Entered Level 2 of the Orcish Mines
 31893 | Orc:2    | Noticed an ettin
 31907 | Orc:1    | Killed an ettin
 32135 | Orc:2    | Found a staircase to the Elven Halls.
 32447 | Orc:1    | Noticed an orc warlord
 32552 | Orc:2    | Killed an orc warlord
 32769 | Orc:1    | Found Budghauku's Book Boutique.
 33747 | Orc:1    | Offered knowledge of Ozocubu's Refrigeration by Vehumet.
 33792 | Orc:1    | Learned a level 7 spell: Ozocubu's Refrigeration
 33914 | Orc:2    | Noticed an ettin
 33938 | Orc:2    | Killed an ettin
 34411 | Orc:2    | Mangled by a two-headed ogre
 34412 | Orc:2    | Reached XP level 12. HP: -8/58 MP: 30/30
 34412 | Orc:2    | Noticed a two-headed ogre
 34416 | Orc:2    | Killed a two-headed ogre
 34417 | Orc:2    | Reached skill level 10 in Ice Magic
 34430 | Orc:2    | Killed a two-headed ogre
 34615 | Orc:2    | Killed a two-headed ogre
 34617 | Orc:2    | Killed a two-headed ogre
 34654 | Orc:2    | Noticed a two-headed ogre
 34658 | Orc:2    | Killed a two-headed ogre
 35002 | Orc:2    | Noticed an ogre mage
 35006 | Orc:2    | Killed an ogre mage
 35141 | Orc:2    | Noticed a two-headed ogre
 35145 | Orc:2    | Killed a two-headed ogre
 35145 | Orc:2    | Noticed an ogre mage
 35146 | Orc:2    | Reached XP level 13. HP: 62/62 MP: 19/31
 35292 | Orc:2    | Paralysed by an ogre mage for 3 turns
 36248 | Orc:2    | Found Omytoy's Jewellery Shoppe.
 36248 | Orc:2    | Found Xaajacw's Jewellery Boutique.
 36249 | Orc:2    | Found Seupa's Distillery.
 36249 | Orc:2    | Found Jihimus's Antique Weapon Emporium.
 36259 | Orc:2    | Bought the ring of the Mage {Wiz Will++ Int+3} for 517 gold
                  | pieces
 36259 | Orc:2    | Found the ring of the Mage {Wiz Will++ Int+3}
 37629 | D:12     | Noticed Gastronok
 37633 | D:12     | Killed Gastronok
 38247 | D:13     | Found a transporter.
 38550 | D:13     | Offered knowledge of Iskenderun's Battlesphere by Vehumet.
 38967 | D:13     | Found a transporter.
 39227 | D:14     | Noticed Urug
 39227 | D:14     | Noticed Rupert
 39227 | D:14     | Found a gate to the Vaults.
 39641 | D:14     | Found Qufitut's Distillery.
 39664 | D:14     | Killed Rupert
 39665 | D:14     | Reached XP level 14. HP: 67/67 MP: 31/33
 39671 | D:14     | Killed Urug
 40865 | D:14     | Shot with a bolt by a yaktaur

Illustrated notes

Levels and vault maps discovered:
D:1:      dpeg_arrival_orchard, layout_basic, shapermc_ecumenical_altar_venn,
          serial_bayou_pond_d
D:2:      minmay_roachtagon, layout_basic, uniq_robin
D:3:      layout_basic, uniq_jessica
D:4:      corexii_shantytown, layout_gridville, hangedman_decor_lopped,
          uniq_natasha
D:5:      layout_gridville, minmay_temple_entry_slanted, uniq_prince_ribbit1,
          uniq_ijyb, uniq_grinder
D:6:      layout_loops_ring, beargit_hepliaklqana_dungeon_heroes,
          kennysheep_orc_sif_temple, uniq_duvessa
D:7:      layout_basic, minmay_misc_feat_secret_circle
D:8:      layout_rooms, nicolae_overflow_hidden_temple,
          chequers_temple_overflow_statue_of_worship,
          grunt_lair_entry_orc_guard_hut, uniq_joseph, uniq_pikel
D:9:      layout_rooms, lemuel_crystal_altar, uniq_maurice
D:10:     layout_basic, kennysheep_little_box, grunt_dithmenos_shadows,
          erik_orc_1, serial_glass, glass_columns_b, glass_columns_a,
          corexii_leaking_fountain
D:11:     layout_cave_pools, uniq_erica
D:12:     layout_cave_pools, grunt_ministairs_14, uniq_gastronok
D:13:     gammafunk_cloud_chamber, layout_irregular_city
D:14:     layout_irregular_city, david_vaults_3, gauntlet_entry_generic,
          serial_shops, shop
Temple:   cyrus_temple_forest
Lair:1:   layout_long_grid, infiniplex_staircase_pool_2
Lair:2:   layout_chaotic_city, spider_nest_entry_funnel_web, kennysheep_rathole,
          lemuel_fruit_fields
Lair:3:   layout_regular_city, nicolae_lair_grove_arrangements,
          chequers_serial_rivers_micro_d, cheibrodos_lair_reptile_den,
          infiniplex_staircase_pool
Lair:4:   layout_layer_cave, nicolae_swamp_entry_splash_gauntlet,
          portal_ice_cave_entry_pillars_1
Lair:5:   layout_regular_city, minmay_slime_entry_eyes,
          ebering_ghost_disaster_area, serial_forest,
          infiniplex_forest_straight_1, infiniplex_forest_lined_2,
          infiniplex_forest_end_3, infiniplex_forest_clump_diagonal,
          infiniplex_forest_straight_2, infiniplex_forest_lined_room_2,
          infiniplex_forest_zigzag_1, infiniplex_forest_lined_room_,
          infiniplex_forest_end_1, lemuel_fruit_tree
Lair:6:   hellmonk_lair_end_abyssal_woods, layout_hall_layers, nzn_ghost_randoct
Orc:1:    layout_diamond_mine, serial_shops, nicolae_shop_crystal, basic_altar,
          mines2_david
Orc:2:    st_orc_ogre_mass, layout_caves, minmay_orc_keep

Skill      XL: |  1  2  3  4  5  6  7  8  9 10 11 12 13 |
---------------+----------------------------------------+-----
Conjurations   | 1 2 3 |  3.0
Air Magic      | 3 4 5 7 9 10 11 12 14 | 14.4
Fighting       | 1 2 3 6 7 8 10 11 | 11.2
Spellcasting   | 3 4 5 6 9 10 11 13 14 | 14.5
Ice Magic      | 1 4 5 10 11 | 11.3
Fire Magic     | 3 4 |  4.0
Poison Magic   | 3 |  3.0
Dodging        | |  2.6
Stealth        | |  2.6

Action                   |  1- 3 |  4- 6 |  7- 9 | 10-12 | 13-15 || total
-------------------------+-------+-------+-------+-------+-------++-------
Melee: Unarmed           |    25 |    32 |       |    11 |    20 ||    88
       Bite              |     1 |     3 |       |     3 |     1 ||     8
 Cast: Shock             |    84 |   248 |   250 |    68 |    45 ||   695
       Airstrike         |       |       |   134 |   385 |   528 ||  1047
       Olgreb's Toxic Ra |       |       |       |    28 |    82 ||   110
       Maxwell's Capacit |       |       |       |       |     9 ||     9
       Ozocubu's Refrige |       |       |       |       |     1 ||     1
Evoke: Wand              |       |       |    11 |    14 |    19 ||    44
  Use: Scroll            |       |     3 |     5 |    19 |     6 ||    33
       Potion            |       |       |     1 |       |     4 ||     5
Armor: Skin              |     5 |     5 |     5 |    11 |    37 ||    63
Dodge: Dodged            |    36 |    79 |   117 |   142 |   174 ||   548
Block: Other             |       |     7 |       |       |       ||     7

Table legend: (Time is in decaauts)
 A = Elapsed time spent in this place.
 B = Non-inter-level travel time spent in this place.
 C = Inter-level travel time spent in this place.
 D = Time resting spent in this place.
 E = Time spent auto-exploring this place.
 F = Levels seen in this place.
 G = Mean time per level.
                   A        B        C        D        E       F      G
               +--------+--------+--------+--------+--------+-----+--------+
         Total |  37602 |  36371 |   1231 |   3373 |  27472 |  24 | 1566.8 |
       Dungeon |  20044 |  19211 |    833 |   1860 |  14541 |  14 | 1431.7 |
        Temple |     40 |     24 |     16 |      0 |     18 |   1 |   40.0 |
          Lair |  12087 |  11800 |    287 |    542 |   9485 |   6 | 2014.5 |
  Orcish Mines |   5424 |   5331 |     93 |    971 |   3427 |   2 | 2712.0 |
      Ice Cave |      7 |      7 |      0 |      0 |      0 |   1 |    7.0 |
               +--------+--------+--------+--------+--------+-----+--------+

Top non-repeatable levels by time:
  Lair:6: 4179 daAuts
   Orc:2: 3380 daAuts
    D:10: 2318 daAuts
  Lair:4: 2221 daAuts
     D:4: 2156 daAuts
   Orc:1: 2043 daAuts
  Lair:5: 1883 daAuts
     D:2: 1772 daAuts
    D:13: 1711 daAuts
     D:8: 1562 daAuts
     D:7: 1520 daAuts
  Lair:3: 1504 daAuts
     D:6: 1478 daAuts
  Lair:2: 1455 daAuts
     D:9: 1355 daAuts
